 Dungeon Crawl Stone Soup version 0.28.0 (webtiles) character file.

Game seed: 18091997325223874384

17 browni3141 the Chopper (level 2, -2/27 HPs)
             Began as a Minotaur Berserker on Feb 17, 2022.
             Was a Follower of Trog.
             Slain by a worm (11 damage)
             ... on level 2 of the Dungeon.
             The game lasted 00:00:21 (811 turns).

browni3141 the Chopper (Minotaur Berserker)          Turns: 811, Time: 00:00:22

Health: -2/27      AC:  2    Str: 21    XL:     2   Next: 44%
Magic:  1/1        EV: 12    Int:  4    God:    Trog [*.....]
Gold:   48         SH:  0    Dex:  9    Spells: 1/1 levels left

rFire   . . .      SeeInvis .   a - +0 hand axe
rCold   . . .      Faith    .   (no shield)
rNeg    . . .      Spirit   .   b - +0 animal skin
rPois   .          Reflect  .   (helmet restricted)
rElec   .          Harm     .   (no cloak)
rCorr   .          Rampage  .   (no gloves)
Will    .....                   (no boots)
Stlth   +.........              (no amulet)
HPRegen 0.09/turn               (no ring)
MPRegen 0.07/turn               (no ring)

@: no status effects
A: horns 2, retaliatory headbutt
a: Renounce Religion, Berserk


You were on level 2 of the Dungeon.
You worshipped Trog.
Trog was aware of your devotion.
You visited 1 branch of the dungeon, and saw 2 of its levels.

You collected 48 gold pieces.


Innate Abilities, Weirdness & Mutations

You have a pair of horns on your head.
You reflexively headbutt those who attack you in melee.


   Skills:
 + Level 4.0 Fighting
 + Level 4.0 Axes
 + Level 2.9 Armour
 - Level 2.1 Dodging


You had one spell level left.
You didn't know any spells.
Your spell library was empty.

Inventory:

Hand Weapons
 a - a +0 hand axe (weapon)
Armour
 b - a +0 animal skin (worn)
Scrolls
 d - 2 scrolls of identify {unknown}
 e - a scroll of fear {unknown}
 f - a scroll of amnesia {unknown}
Potions
 c - a potion of curing {unknown}
 g - a potion of berserk rage {unknown}

Dungeon Overview and Level Annotations

Branches:
Dungeon (2/15)

Altars:

... ## .. ..
..## ..#
.###..##.### #
#..........
#.#........# ##
#..........#..>
#.†.w........
#..@...<.#
#....<...#
###...####
#...# #.....
...##..$ ####
#.##. #.# #.
#.# ..


You could see a worm.


Message History

The worm bites you.
You slash the worm!
The worm is severely wounded.
You hit the worm. You hit the quokka but do no damage.
The quokka barely misses you. The worm barely misses you. x2
You hit the worm.
The worm is severely wounded.
You hit the worm. You barely miss the quokka. The quokka completely misses you.
You barely miss the worm.
The worm is severely wounded.
You barely miss the worm. You hit the quokka. The quokka closely misses you.
The worm closely misses you. You furiously retaliate!
You headbutt the worm!
You kill the worm!
Trog accepts your kill. The worm bites you!
* * * LOW HITPOINT WARNING * * *
The quokka bites you.
* * * LOW HITPOINT WARNING * * *
You hit the quokka but do no damage.
The quokka is almost dead.
You hit the worm. The quokka bites you.
* * * LOW HITPOINT WARNING * * *
There are monsters nearby!
You hit the worm.
The worm is heavily wounded.
You hit the quokka.
You kill the quokka!
Trog accepts your kill. The worm bites you!
You die...

Skill      XL: |  1  2 |
---------------+-------+-----
Fighting       | 4 |  4.0
Axes           | 4 |  4.0
Armour         | |  2.9
Dodging        | |  2.1

Action                   || total
-------------------------++-------
Melee: Hand axe          ||    28
       Headbutt          ||     7
Armor: Animal skin       ||     9
Dodge: Dodged            ||    15

Levels and vault maps discovered:
D:1:      amcnicky_arrival_underground_garden, layout_loops_ring,
          nicolae_ecumenical_lake_church, minmay_liquid_box,
          chequers_hall_statues_wall_a
D:2:      layout_rooms, serial_shops, shop_scrolls

Notes
Turn   | Place    | Note
-------+----------+-------------------------------------------
     0 | D:1      | browni3141 the Minotaur Berserker began the quest for the
                  | Orb.
     0 | D:1      | Reached XP level 1. HP: 19/19 MP: 0/0
   295 | D:1      | Found a faded altar of an unknown god.
   390 | D:1      | Reached XP level 2. HP: 20/27 MP: 1/1
   583 | D:1      | Reached skill level 4 in Fighting
   583 | D:1      | Reached skill level 4 in Axes
   811 | D:2      | Slain by a worm

Vanquished Creatures
  A worm (D:2)
  3 bats
  An endoplasm (D:1)
  A giant cockroach (D:1)
  A goblin (D:1)
  A hobgoblin (D:1)
  2 jackals (D:1)
  A kobold (D:1)
  A quokka (D:2)
  2 rats (D:1)
14 creatures vanquished.

Table legend: (Time is in decaauts)
 A = Elapsed time spent in this place.
 B = Non-inter-level travel time spent in this place.
 C = Inter-level travel time spent in this place.
 D = Time resting spent in this place.
 E = Time spent auto-exploring this place.
 F = Levels seen in this place.
 G = Mean time per level.
                   A        B        C        D        E       F      G
               +--------+--------+--------+--------+--------+-----+--------+
         Total |    814 |    746 |     68 |      0 |    640 |   2 |  407.0 |
       Dungeon |    814 |    746 |     68 |      0 |    640 |   2 |  407.0 |
               +--------+--------+--------+--------+--------+-----+--------+

Top non-repeatable levels by time:
     D:1: 801 daAuts
     D:2: 12 daAuts

Table legend:
 A = Non-vault XP
 B = Vault XP
 C = Vault XP percentage of total XP
 D = Non-vault monster count
 E = Vault monster count
 F = Vault count percentage of total count
                 A         B        C        D         E       F
            +---------+---------+-------+---------+---------+-------
      Total |      27 |       0 |   0.0 |      14 |       0 |   0.0
            +---------+---------+-------+---------+---------+-------
        D:1 |      19 |       0 |   0.0 |      11 |       0 |   0.0
        D:2 |       8 |       0 |   0.0 |       3 |       0 |   0.0
            +---------+---------+-------+---------+---------+-------
